| TOP OF THE 1ST |
|
Boise Hawks batting - Pitching for Williamsport Crosscutters : LHP Pat Palazzolo
|
|
Pitching: LHP Pat Palazzolo
|
|
|
Batting: LHB Greg Valenzuela
|
0-0: Called Strike 0-1: Ball 1-1: Fly out, F3 (Line Drive, 3, EV 63.8 MPH)
|
|
Batting: RHB Ryan Rinaldi
|
0-0: TRIPLE (Line Drive, 78XD, EV 104.4 MPH)
|
|
Batting: LHB Bill McGregor
|
0-0: Ball 1-0: Ball 2-0: Foul Ball, location: 2F 2-1: Ball 3-1: Ground out U3 (Groundball, 3, EV 99.4 MPH)
|
|
Batting: RHB Tyler Stebbins
|
0-0: Called Strike 0-1: Ball 1-1: Ball 2-1: Fly out, F7 (Flyball, 78S, EV 75.6 MPH)
|
| Top of the 1st over - 0 runs, 1 hit, 0 errors, 1 left on base; Boise 0 - Williamsport 0 |
| BOTTOM OF THE 1ST |
|
Williamsport Crosscutters batting - Pitching for Boise Hawks : RHP Gabe Stokes
|
|
Pitching: RHP Gabe Stokes
|
|
|
Batting: LHB Tsuneharu Nishimura
|
0-0: Ball 1-0: Called Strike 1-1: Ball 2-1: Called Strike 2-2: Ball 3-2: Base on Balls
|
|
Batting: RHB Matt McDevitt
|
0-0: Ball 1-0: Called Strike 1-1: Ball 2-1: DOUBLE (Line Drive, 89D, EV 104.4 MPH) Tsuneharu Nishimura to third
|
|
Batting: RHB Alan Weller
|
0-0: Ball 1-0: Foul Ball, location: 2F 1-1: Foul Ball, location: 2F 1-2: Foul Ball, location: 2F 1-2: Strikes out swinging
|
|
Batting: SHB Benjamin Brown
|
0-0: Ball 1-0: Ball 2-0: Foul Ball, location: 2F 2-1: Foul Ball, location: 2F 2-2: Strikes out swinging
|
|
Batting: RHB Moritake Fukumoto
|
0-0: Ball 1-0: Ball 2-0: Called Strike 2-1: Called Strike 2-2: Foul Ball, location: 2F 2-2: Reached on error, E3 (Groundball, 34, EV 80.6 MPH) Tsuneharu Nishimura scores Matt McDevitt to third
|
|
Batting: RHB Allen Gravel
|
0-0: Ball 1-0: Called Strike 1-1: Swinging Strike 1-2: Foul Ball, location: 2F 1-2: Ball 2-2: Ball 3-2: Strikes out swinging
|
| Bottom of the 1st over - 1 run, 1 hit, 1 error, 2 left on base; Boise 0 - Williamsport 1 |
| TOP OF THE 2ND |
|
Boise Hawks batting - Pitching for Williamsport Crosscutters : LHP Pat Palazzolo
|
|
Batting: RHB Eric Delgado
|
0-0: Ball 1-0: Foul Ball, location: 2F 1-1: Ball 2-1: Foul Ball, location: 2F 2-2: Ball 3-2: Foul Ball, location: 2F 3-2: Strikes out looking
|
|
Batting: LHB Glenn Lowther
|
0-0: Swinging Strike 0-1: Called Strike 0-2: SINGLE (Line Drive, 5D, EV 110.6 MPH)
|
|
Batting: RHB Chris Tatum
|
0-0: Ball Glenn Lowther steals 2nd base (no throw) 1-0: Called Strike 1-1: Ball 2-1: Called Strike 2-2: Strikes out looking
|
|
Batting: LHB Zane Kelton
|
0-0: Called Strike 0-1: Swinging Strike 0-2: Ball 1-2: Ball 2-2: Foul Ball, location: 2F 2-2: Strikes out swinging
|
| Top of the 2nd over - 0 runs, 1 hit, 0 errors, 1 left on base; Boise 0 - Williamsport 1 |
| BOTTOM OF THE 2ND |
|
Williamsport Crosscutters batting - Pitching for Boise Hawks : RHP Gabe Stokes
|
|
Batting: SHB Matt Sybrant
|
0-0: Foul Ball, location: 2F 0-1: Ball 1-1: TRIPLE (Line Drive, 9LD, EV 105.0 MPH)
|
|
Batting: LHB Manoel Camp
|
0-0: Ball 1-0: Ground out 4-3 (Groundball, 4M, EV 91.9 MPH) Matt Sybrant scores
|
|
Batting: RHB Cory Bonham
|
0-0: Ball 1-0: Ball 2-0: Swinging Strike 2-1: Ball 3-1: Swinging Strike 3-2: Strikes out swinging
|
|
Batting: LHB Tsuneharu Nishimura
|
0-0: Ball 1-0: Ball 2-0: Ball 3-0: Called Strike 3-1: Base on Balls
|
|
Batting: RHB Matt McDevitt
|
0-0: Called Strike 0-1: Ball 1-1: Called Strike 1-2: Ball Pickoff Throw to First - Error! E1 Tsuneharu Nishimura to second 2-2: Foul Ball, location: 2F 2-2: Fly out, F9 (Flyball, 89M, EV 88.1 MPH)
|
| Bottom of the 2nd over - 1 run, 1 hit, 1 error, 1 left on base; Boise 0 - Williamsport 2 |
| TOP OF THE 3RD |
|
Boise Hawks batting - Pitching for Williamsport Crosscutters : LHP Pat Palazzolo
|
|
Batting: SHB Jamie Locke
|
0-0: Ball 1-0: Ball 2-0: Foul Ball, location: 2F 2-1: Fly out, F6 (Popup, 6, EV 70.6 MPH)
|
|
Batting: LHB Greg Valenzuela
|
0-0: Ball 1-0: Called Strike 1-1: Ball 2-1: Foul Ball, location: 2F 2-2: Ball 3-2: Foul Ball, location: 2F 3-2: Base on Balls
|
|
Batting: RHB Ryan Rinaldi
|
0-0: Foul Ball, location: 2F 0-1: Ball 1-1: Ball 2-1: Foul Ball, location: 2F 2-2: Strikes out swinging
|
|
Batting: LHB Bill McGregor
|
0-0: Called Strike Greg Valenzuela is caught stealing 2nd base 2-6
|
| Top of the 3rd over - 0 runs, 0 hits, 0 errors, 0 left on base; Boise 0 - Williamsport 2 |
| BOTTOM OF THE 3RD |
|
Williamsport Crosscutters batting - Pitching for Boise Hawks : RHP Gabe Stokes
|
|
Batting: RHB Alan Weller
|
0-0: Ball 1-0: Foul Ball, location: 2F 1-1: Foul Ball, location: 2F 1-2: Ball 2-2: Ball 3-2: Ground out 4-3 (Groundball, 4, EV 104.4 MPH)
|
|
Batting: SHB Benjamin Brown
|
0-0: Called Strike 0-1: Foul Ball, location: 2F 0-2: Ball 1-2: Foul Ball, location: 2F 1-2: Strikes out swinging
|
|
Batting: RHB Moritake Fukumoto
|
0-0: Called Strike 0-1: Ground out U3 (Groundball, 3, EV 92.5 MPH)
|
| Bottom of the 3rd over - 0 runs, 0 hits, 0 errors, 0 left on base; Boise 0 - Williamsport 2 |
| TOP OF THE 4TH |
|
Boise Hawks batting - Pitching for Williamsport Crosscutters : LHP Pat Palazzolo
|
|
Batting: LHB Bill McGregor
|
0-0: Called Strike 0-1: Ball 1-1: Ball 2-1: Foul Ball, location: 2F 2-2: Ball 3-2: Base on Balls
|
|
Batting: RHB Tyler Stebbins
|
0-0: Ball Pickoff Throw to First - Error! E1 Bill McGregor to second 1-0: Swinging Strike 1-1: Ball 2-1: Ball 3-1: Swinging Strike 3-2: Strikes out swinging
|
|
Batting: RHB Eric Delgado
|
0-0: Swinging Strike 0-1: Ball 1-1: Ball 2-1: Ball 3-1: Swinging Strike 3-2: Foul Ball, location: 2F 3-2: Strikes out swinging
|
|
Batting: LHB Glenn Lowther
|
0-0: Ball 1-0: Called Strike 1-1: Ball 2-1: Fly out, F4 (Line Drive, 4, EV 69.4 MPH)
|
| Top of the 4th over - 0 runs, 0 hits, 1 error, 1 left on base; Boise 0 - Williamsport 2 |
| BOTTOM OF THE 4TH |
|
Williamsport Crosscutters batting - Pitching for Boise Hawks : RHP Gabe Stokes
|
|
Batting: RHB Allen Gravel
|
0-0: Ball 1-0: Swinging Strike 1-1: Foul Ball, location: 2F 1-2: Strikes out swinging
|
|
Batting: SHB Matt Sybrant
|
0-0: Called Strike 0-1: Swinging Strike 0-2: Ball 1-2: Foul Ball, location: 2F 1-2: Foul Ball, location: 2F 1-2: Strikes out swinging
|
|
Batting: LHB Manoel Camp
|
0-0: Foul Ball, location: 2F 0-1: Ground out 6-3 (Groundball, 6, EV 89.4 MPH)
|
| Bottom of the 4th over - 0 runs, 0 hits, 0 errors, 0 left on base; Boise 0 - Williamsport 2 |
| TOP OF THE 5TH |
|
Boise Hawks batting - Pitching for Williamsport Crosscutters : LHP Pat Palazzolo
|
|
Batting: RHB Chris Tatum
|
0-0: Foul Ball, location: 2F 0-1: Ground out 5-3 (Groundball, 56S, EV 93.1 MPH)
|
|
Batting: LHB Zane Kelton
|
0-0: Ball 1-0: Foul Ball, location: 2F 1-1: Called Strike 1-2: TRIPLE (Flyball, 78XD, EV 100.6 MPH)
|
|
Batting: SHB Jamie Locke
|
0-0: Swinging Strike 0-1: Foul Ball, location: 2F 0-2: Ball 1-2: Strikes out swinging
|
|
Batting: LHB Greg Valenzuela
|
0-0: Ball 1-0: Fly out, F9 (Flyball, 9, EV 92.5 MPH)
|
| Top of the 5th over - 0 runs, 1 hit, 0 errors, 1 left on base; Boise 0 - Williamsport 2 |
| BOTTOM OF THE 5TH |
|
Williamsport Crosscutters batting - Pitching for Boise Hawks : RHP Gabe Stokes
|
|
Pitching: RHP Jim Butler
|
|
|
Batting: RHB Cory Bonham
|
0-0: Foul Ball, location: 2F 0-1: Ball 1-1: Ball 2-1: Fly out, F8 (Flyball, 78D, EV 103.8 MPH)
|
|
Batting: LHB Tsuneharu Nishimura
|
0-0: Called Strike 0-1: Ball 1-1: Ball 2-1: Called Strike 2-2: Strikes out swinging
|
|
Batting: RHB Matt McDevitt
|
0-0: Ball 1-0: Ball 2-0: Ball 3-0: Base on Balls
|
|
Batting: RHB Alan Weller
|
0-0: Called Strike 0-1: Ball 1-1: Ball 2-1: Fly out, F8 (Line Drive, 8RD, EV 89.4 MPH)
|
| Bottom of the 5th over - 0 runs, 0 hits, 0 errors, 1 left on base; Boise 0 - Williamsport 2 |
| TOP OF THE 6TH |
|
Boise Hawks batting - Pitching for Williamsport Crosscutters : LHP Pat Palazzolo
|
|
Batting: RHB Ryan Rinaldi
|
0-0: Called Strike 0-1: Ball 1-1: Called Strike 1-2: Ball 2-2: Foul Ball, location: 2F 2-2: Ground out 6-3 (Groundball, 6, EV 97.5 MPH)
|
|
Batting: LHB Bill McGregor
|
0-0: Swinging Strike 0-1: Ball 1-1: Called Strike 1-2: Strikes out looking
|
|
Batting: RHB Tyler Stebbins
|
0-0: Ball 1-0: Ball 2-0: Called Strike 2-1: Foul Ball, location: 2F 2-2: Strikes out swinging
|
| Top of the 6th over - 0 runs, 0 hits, 0 errors, 0 left on base; Boise 0 - Williamsport 2 |
| BOTTOM OF THE 6TH |
|
Williamsport Crosscutters batting - Pitching for Boise Hawks : RHP Jim Butler
|
|
Batting: SHB Benjamin Brown
|
0-0: Ball 1-0: Called Strike 1-1: Ball 2-1: Ground out 6-3 (Groundball, 6, EV 103.1 MPH)
|
|
Batting: RHB Moritake Fukumoto
|
0-0: Ball 1-0: Swinging Strike 1-1: Foul Ball, location: 2F 1-2: Ball 2-2: Ground out 6-3 (Groundball, 6, EV 83.1 MPH)
|
|
Batting: RHB Allen Gravel
|
0-0: Fly out, F9 (Flyball, 9S, EV 84.4 MPH)
|
| Bottom of the 6th over - 0 runs, 0 hits, 0 errors, 0 left on base; Boise 0 - Williamsport 2 |
| TOP OF THE 7TH |
|
Boise Hawks batting - Pitching for Williamsport Crosscutters : LHP Pat Palazzolo
|
|
Pitching: LHP Wil Diaz
|
|
|
Batting: RHB Eric Delgado
|
0-0: Called Strike 0-1: Ball 1-1: Ball 2-1: Swinging Strike 2-2: Ball 3-2: Strikes out swinging
|
|
Batting: LHB Glenn Lowther
|
0-0: Called Strike 0-1: Ball 1-1: Ball 2-1: Called Strike 2-2: Ground out 5-3 (Groundball, 5, EV 83.8 MPH)
|
|
Batting: RHB Chris Tatum
|
0-0: Ball 1-0: Called Strike 1-1: Foul Ball, location: 2F 1-2: Ball 2-2: Foul Ball, location: 2F 2-2: Foul Ball, location: 2F 2-2: Ground out 6-3 (Groundball, 6MS, EV 76.3 MPH)
|
| Top of the 7th over - 0 runs, 0 hits, 0 errors, 0 left on base; Boise 0 - Williamsport 2 |
| BOTTOM OF THE 7TH |
|
Williamsport Crosscutters batting - Pitching for Boise Hawks : RHP Jim Butler
|
|
Pitching: LHP Dan Ott
|
|
|
Batting: SHB Matt Sybrant
|
0-0: Foul Ball, location: 2F 0-1: Called Strike 0-2: Ball 1-2: Ball 2-2: Ball 3-2: DOUBLE (Line Drive, 9LD, EV 101.9 MPH)
|
|
Batting: LHB Manoel Camp
|
0-0: Called Strike 0-1: Called Strike 0-2: Foul Ball, location: 2F 0-2: Foul Ball, location: 2F 0-2: Fly out, F4 (Popup, 4, EV 56.9 MPH)
|
|
Batting: RHB Cory Bonham
|
0-0: Foul Ball, location: 2F 0-1: SINGLE (Line Drive, 89S, EV 98.8 MPH) Matt Sybrant to third
|
|
Batting: LHB Tsuneharu Nishimura
|
0-0: Foul Ball, location: 2F 0-1: Foul Ball, location: 2F 0-2: Ball 1-2: Strikes out swinging
|
|
Batting: RHB Matt McDevitt
|
0-0: Called Strike 0-1: Foul Ball, location: 2F 0-2: Strikes out swinging
|
| Bottom of the 7th over - 0 runs, 2 hits, 0 errors, 2 left on base; Boise 0 - Williamsport 2 |
| TOP OF THE 8TH |
|
Boise Hawks batting - Pitching for Williamsport Crosscutters : LHP Wil Diaz
|
|
Pinch Hitting: RHB Henry Alvizo
|
0-0: Ball 1-0: Called Strike 1-1: Ball 2-1: Ball 3-1: Swinging Strike 3-2: Strikes out looking
|
|
Batting: SHB Jamie Locke
|
0-0: Ball 1-0: Foul Ball, location: 2F 1-1: Ball 2-1: Ball 3-1: Called Strike 3-2: Ground out 4-3 (Groundball, 4, EV 105.6 MPH)
|
|
Batting: LHB Greg Valenzuela
|
0-0: Foul Ball, location: 2F 0-1: Ball 1-1: Fly out, F4 (Popup, 34, EV 70.6 MPH)
|
| Top of the 8th over - 0 runs, 0 hits, 0 errors, 0 left on base; Boise 0 - Williamsport 2 |
| BOTTOM OF THE 8TH |
|
Williamsport Crosscutters batting - Pitching for Boise Hawks : LHP Dan Ott
|
|
Pitching: LHP Juan Vargas
|
|
|
Now at 3B: Henry Alvizo
|
|
|
Now at SS: Jamie Locke
|
|
|
Batting: RHB Alan Weller
|
0-0: Called Strike 0-1: Foul Ball, location: 2F 0-2: Ball 1-2: Ball 2-2: Strikes out swinging
|
|
Batting: SHB Benjamin Brown
|
0-0: Called Strike 0-1: TRIPLE (Flyball, 9LD, EV 109.4 MPH)
|
|
Batting: RHB Moritake Fukumoto
|
0-0: Called Strike 0-1: Swinging Strike 0-2: Ball 1-2: Ball 2-2: Ball 3-2: SINGLE (Groundball, 34D, EV 94.4 MPH) Benjamin Brown scores
|
|
Batting: RHB Allen Gravel
|
0-0: Called Strike 0-1: Ball 1-1: Called Strike 1-2: Strikes out swinging
|
|
Batting: SHB Matt Sybrant
|
0-0: Foul Ball, location: 2F 0-1: Ball 1-1: Foul Ball, location: 2F 1-2: Foul Ball, location: 2F 1-2: Ball 2-2: Fielders Choice at 2nd, U4 (Groundball, 4M, EV 83.8 MPH)
|
| Bottom of the 8th over - 1 run, 2 hits, 0 errors, 1 left on base; Boise 0 - Williamsport 3 |
| TOP OF THE 9TH |
|
Boise Hawks batting - Pitching for Williamsport Crosscutters : LHP Wil Diaz
|
|
Pitching: RHP Marty Nieves
|
|
|
Batting: RHB Ryan Rinaldi
|
0-0: Ball 1-0: Called Strike 1-1: Called Strike 1-2: Strikes out looking
|
|
Batting: LHB Bill McGregor
|
0-0: Called Strike 0-1: Ball 1-1: Ball 2-1: Called Strike 2-2: Strikes out looking
|
|
Batting: RHB Tyler Stebbins
|
0-0: Called Strike 0-1: Called Strike 0-2: Ball 1-2: Ground out 4-3 (Groundball, 4, EV 87.5 MPH)
|
| Top of the 9th over - 0 runs, 0 hits, 0 errors, 0 left on base; Boise 0 - Williamsport 3 |
|